 Dungeon Crawl Stone Soup version 0.31-a0-656-gb4d89c20fa (webtiles) character file.

Game seed: 1631499842844709182

72 spiderkeys the Ruffian (level 4, -2/29 HPs)
             Began as an Octopode Shapeshifter on Aug 30, 2023.
             Slain by Crazy Yiuf
             ... wielding a +3 quarterstaff of chaos
              (7 damage)
             ... on level 2 of the Dungeon.
             The game lasted 00:03:55 (1484 turns).

spiderkeys the Ruffian (Octopode Shapeshifter)      Turns: 1484, Time: 00:03:55

Health: -2/29      AC:  1    Str: 15    XL:     4   Next: 26%
Magic:  4/4        EV:  7    Int: 12    God:
Gold:   84         SH:  0    Dex: 11    Spells: 3/3 levels left

rFire   . .          .
                       - Unarmed
rCold   . . .        (no shield)
rNeg    . . .        (helmet currently unavailable)
rPois   .            (no amulet)
rElec   .            (no ring)
rCorr   .            (no ring)
SInv    .            (no ring)
Will    .....        (no ring)
Stlth   ++           (no ring)
HPRegen 0.24/turn    (no ring)
MPRegen 0.09/turn    (no ring)
                     (no ring)

%: no passive effects
@: beast-form, petrifying (expiring), hasted
A: beast (slay +1), almost no armour, amphibious, 8 rings, camouflage 1,
gelatinous body 1, (nimble swimmer 1), tentacles
a: Begin Untransformation


You were on level 2 of the Dungeon.
You were a hulking beast.
You visited 1 branch of the dungeon, and saw 2 of its levels.

You collected 84 gold pieces.


Innate Abilities, Weirdness & Mutations

You are a hulking beast.
Your limbs bulge with bestial killing power. (Slay +1)
You cannot wear most types of armour.
You are amphibious.
You can wear up to eight rings at the same time.
Your skin changes colour to match your surroundings (Stealth+).
Your rubbery body absorbs attacks. (AC +1, EV +1)
((You are camouflaged when in or above water. (Stealth+)))
You have tentacles for arms and can constrict up to eight enemies at once.


   Skills:
 + Level 2.0 Fighting
 + Level 2.8 Dodging
 + Level 3.5 Unarmed Combat
 + Level 3.4 Shapeshifting


You had 3 spell levels left.
You didn't know any spells.
Your spell library contained the following spells:

 Spells                   Type           Power      Damage    Failure   Level
 Sandblast                Erth           0%         2d4       32%         1
 Passwall                 Tmut/Erth      0%         N/A       45%         2
 Static Discharge         Conj/Air       0%         2-2/arc   45%         2
 Stone Arrow              Conj/Erth      0%         3d7       69%         3
 Airstrike                Air            0%         2d(0-16)  97%         4
 Summon Lightning Spire   Summ/Air       0%         N/A       97%         4

Inventory:

Missiles
 d - 12 stones
Talismans
 b - a beast talisman (active)
 c - a flux talisman
Wands
 k - a wand of roots (4)
   (You found it on level 2 of the Dungeon)
Scrolls
 f - a scroll of poison {unknown}
 g - 3 scrolls of immolation {unknown}
 h - a scroll of fog {unknown}
 i - a scroll of brand weapon {unknown}
 l - a scroll of enchant weapon {unknown}
 o - a scroll of acquirement {unknown}
Potions
 a - a potion of lignification {!q}
 e - 2 potions of haste {unknown}
 j - a potion of curing {unknown}
 m - a potion of enlightenment {unknown}
 n - a potion of mutation {unknown}

Dungeon Overview and Level Annotations

Branches:
Dungeon (2/15) Zot: 10519

Altars:

Annotations:
D:2 Crazy Yiuf

#+..+########......
#....# #...###...##
♣....♣ #.#.###.)...
♣♣...♣ ##.........#
♣♣.♣♣ #.#<.......#
♣♣.♣ ###........#
♣.♣♣ #.)......#
♣♣.♣ #........#
♣h♣♣ ###........#
#g# #..........#
... ###.###..###
#...# #......###
#)..# #.........
##### #####..###
##...## #......
##...##


You could see Crazy Yiuf.


Message History

A kobold is nearby!
The kobold hits you with a +0 dagger. 😕 HP[-1]
You take 1 damage, and now have 28/29 hp.
You closely miss the kobold. Your grab misses the kobold.
The kobold misses you.
You bludgeon the kobold!
You kill the kobold!
No target in view!
No target in view!
You see here a +0 dagger.
You see here a +0 dagger.
Key pressed, stopping explore.
There is a stone staircase leading down here.
Key pressed, stopping explore.
A jackal comes into view.
You see here a book of Geomancy. 😎 HP[+1]
Your hp is fully restored (29).
A jackal is nearby!
The jackal barks!
You hear a bark! x2
A jackal comes into view.
A jackal comes into view.
The jackal bites you but does no damage.
The jackal misses you.
You tentacle-slap the jackal.
You kill the jackal!
The jackal bites you. 😕 HP[-1]
You take 1 damage, and now have 28/29 hp.
You tentacle-slap the jackal. Your grab misses the jackal.
Your squeeze misses the jackal. The jackal bites you.
The jackal bites you but does no damage. 😕 HP[-2]
You take 2 damage, and now have 26/29 hp.
You closely miss the jackal. Your grab misses the jackal.
You squeeze the jackal.
You kill the jackal!
The jackal barely misses you. 😕 HP[+1]
You barely miss the jackal. Your grab misses the jackal.
The jackal closely misses you. The jackal bites you. 😕 HP[-3]
You take 3 damage, and now have 24/29 hp.
You tentacle-slap the jackal. Your grab misses the jackal.
The jackal barely misses you.
You barely miss the jackal. Your grab misses the jackal.
A jackal comes into view.
The jackal bites you. 😕 HP[-1]
You take 1 damage, and now have 23/29 hp.
You closely miss the jackal. You grab the jackal. You constrict the jackal.
The jackal barely misses you.
You tentacle-slap the jackal.
You kill the jackal! 😕 HP[+1]
The jackal closely misses you.
You see here a jackal corpse.
You closely miss the jackal. You grab the jackal. You squeeze the jackal.
You kill the jackal!
No target in view!
No target in view!
No target in view!
You pick up a book of Geomancy and begin reading...
You add the spells Sandblast, Passwall and Stone Arrow to your library. 😎 HP[+5]
Your hp is fully restored (29).
n - a pink potion You now have 84 gold pieces (gained 9).
Key pressed, stopping explore.
You see here a jackal corpse.
Found a stone staircase leading up.
No target in view!
There is a stone staircase leading up here.
o - a scroll labelled BAPOAV HOTIJO Crazy Yiuf shouts!
No reachable target in view!
No reachable target in view!
Could not explore, unopened runed door.
You open the door. You tentacle-slap Crazy Yiuf. You grab Crazy Yiuf.
You constrict Crazy Yiuf.
Crazy Yiuf hits you with a +3 quarterstaff of chaos!
Ouch! That really hurt!
* * * LOW HITPOINT WARNING * * *
You are slowing down. 😨 HP[-17]
You take 17 damage, and now have 12/29 hp.
MASSIVE DAMAGE!! (PAUSE)
You tentacle-slap Crazy Yiuf. You squeeze Crazy Yiuf. You constrict Crazy Yiuf.
Crazy Yiuf hits you with a +3 quarterstaff of chaos!
* * * LOW HITPOINT WARNING * * *
You feel yourself speed up.
Your limbs are stiffening. 😱 HP[-7]
You take 7 damage, and now have 5/29 hp.
MASSIVE DAMAGE!! (PAUSE)
You tentacle-slap Crazy Yiuf. You constrict Crazy Yiuf.
Crazy Yiuf flaps his cloak.
Crazy Yiuf hits you with a +3 quarterstaff of chaos!
You die...

Skill      XL: |  1  2  3 |
---------------+----------+-----
Fighting       | 2 |  2.0
Dodging        | |  2.8
Unarmed Combat | |  3.5
Shapeshifting  | |  3.4

Action                     |  1- 3 |  4- 6 || total
---------------------------+-------+-------++-------
  Melee: Unarmed           |    63 |    18 ||    81
         Constrict         |    12 |     3 ||    15
         Tentacles         |     3 |     3 ||     6
   Stab: Sleeping          |     8 |       ||     8
 Armour: Skin              |     4 |     2 ||     6
  Dodge: Dodged            |    37 |    10 ||    47

Levels and vault maps discovered:
D:1:      mainiacjoe_arrival_reflecting_pool, layout_basic
D:2:      layout_loops_ring, uniq_crazy_yiuf_cottage

Notes
Turn   | Place    | Note
-------+----------+-------------------------------------------
     0 | D:1      | spiderkeys the Octopode Shapeshifter began the quest for
                  | the Orb.
     0 | D:1      | Reached XP level 1. HP: 13/13 MP: 1/1
     0 | D:1      | magus.rc [v1.11.6]
    84 | D:1      | Reached XP level 2. HP: 8/18 MP: 2/2
   350 | D:1      | Reached XP level 3. HP: 20/23 MP: 3/3
   561 | D:2      | Found a runed translucent door.
   562 | D:2      | Noticed Crazy Yiuf
   998 | D:2      | You add the spells Static Discharge, Airstrike and Summon
                  | Lightning Spire to your library.
  1132 | D:2      | Reached skill level 2 in Fighting
  1132 | D:2      | Reached XP level 4. HP: 29/29 MP: 4/4
  1377 | D:2      | You add the spells Sandblast, Passwall and Stone Arrow to
                  | your library.
  1483 | D:2      | HP: 5/29 [Crazy Yiuf/+3 quarterstaff of chaos (7)]
  1484 | D:2      | Slain by Crazy Yiuf

Vanquished Creatures
  3 adders (D:2)
  4 ball pythons (D:1)
  3 endoplasms
  4 giant cockroaches
  4 goblins
  3 hobgoblins
  6 jackals
  A quokka (D:1)
  3 bats (D:1)
  2 frilled lizards (D:1)
  4 kobolds
  2 rats (D:1)
39 creatures vanquished.

Table legend:
 A = Non-vault XP
 B = Vault XP
 C = Vault XP percentage of total XP
 D = Non-vault monster count
 E = Vault monster count
 F = Vault count percentage of total count
                 A         B        C        D         E       F
            +---------+---------+-------+---------+---------+-------
      Total |     104 |       0 |   0.0 |      39 |       0 |   0.0
            +---------+---------+-------+---------+---------+-------
        D:1 |      41 |       0 |   0.0 |      24 |       0 |   0.0
        D:2 |      63 |       0 |   0.0 |      15 |       0 |   0.0
            +---------+---------+-------+---------+---------+-------

Skill      XL: |  1  2  3 |
---------------+----------+-----
Fighting       | 2 |  2.0
Dodging        | |  2.8
Unarmed Combat | |  3.5
Shapeshifting  | |  3.4

Action                     |  1- 3 |  4- 6 || total
---------------------------+-------+-------++-------
  Melee: Unarmed           |    63 |    18 ||    81
         Constrict         |    12 |     3 ||    15
         Tentacles         |     3 |     3 ||     6
   Stab: Sleeping          |     8 |       ||     8
 Armour: Skin              |     4 |     2 ||     6
  Dodge: Dodged            |    37 |    10 ||    47

Illustrated notes

Table legend:
 A = Kills in this place as a percentage of kills in the entire game.
 B = Kills by you in this place as a percentage of kills by you in the entire game.
 C = Kills by friends in this place as a percentage of kills by friends in the entire game.
 D = Other kills in this place as a percentage of other kills in the entire game.
 E = Experience gained in this place as a percentage of experience gained in the entire game.
 F = Experience gained in this place divided by the number of levels of this place that you have seen.
                   A       B       C       D       E      F
               +-------+-------+-------+-------+-------+----------------------
         Total | 100.0 | 100.0 |   N/A |   N/A | 100.0 |  52.0
       Dungeon | 100.0 | 100.0 |   N/A |   N/A | 100.0 |  52.0
               +-------+-------+-------+-------+-------+----------------------

Table legend: (Time is in decaauts)
 A = Elapsed time spent in this place.
 B = Non-inter-level travel time spent in this place.
 C = Inter-level travel time spent in this place.
 D = Time resting spent in this place.
 E = Time spent auto-exploring this place.
 F = Levels seen in this place.
 G = Mean time per level.
                   A        B        C        D        E       F      G
               +--------+--------+--------+--------+--------+-----+--------+
         Total |   1479 |   1458 |     21 |    100 |    953 |   2 |  739.5 |
       Dungeon |   1479 |   1458 |     21 |    100 |    953 |   2 |  739.5 |
               +--------+--------+--------+--------+--------+-----+--------+

Top non-repeatable levels by time:
     D:2: 1051 daAuts
     D:1: 428 daAuts
